Hartford Whalers vs Vegas Golden Knights
Created - Monday, February 23, 2026 at 07:24
Goals
|
| Hartford Whalers |
0 |
1 |
3 |
4 |
| Vegas Golden Knights |
4 |
1 |
0 |
5 |
|
Shots
|
| Hartford Whalers |
8 |
12 |
16 |
36 |
| Vegas Golden Knights |
19 |
8 |
10 |
37 |
|
1st period
1. Vegas Golden Knights , Auston Matthews 15 (Mika Zibanejad 19, Bryan Rust 14) at 2:15 (PP)
2. Vegas Golden Knights , Anthony Mantha 8 (Mathew Barzal 17) at 11:34
3. Vegas Golden Knights , Mika Zibanejad 9 (Auston Matthews 10, Bryan Rust 15) at 15:54
4. Vegas Golden Knights , Reilly Smith 8 (Jordan Staal 13) at 19:45
Penalties :
Simon Edvinsson (HFD) for Tripping (Minor) at 2:01
2nd period
5. Hartford Whalers , Jordan Kyrou 13 (Sidney Crosby 22, Tyler Seguin 10) at 3:52
6. Vegas Golden Knights , Thomas Chabot 1 (Jordan Staal 14, Reilly Smith 10) at 12:46 (PP)
Penalties :
Pierre-Luc Dubois (HFD) for Slashing (Double Minor) at 9:59, Cole Smith (VGK) for Fighting (Major) at 12:47, Kaiden Guhle (HFD) for Fighting (Major) at 12:47, Vladislav Gavrikov (HFD) for High sticking (Minor) at 13:58, Tyson Foerster (HFD) for Hooking (Minor) at 19:26
3rd period
7. Hartford Whalers , Carter Verhaeghe 9 (Nick Suzuki 24, Kaiden Guhle 7) at 4:46
8. Hartford Whalers , Seth Jones 6 (Sidney Crosby 23, Nick Suzuki 25) at 5:44 (PP)
9. Hartford Whalers , Pierre-Luc Dubois 9 (Sidney Crosby 24, Jordan Kyrou 12) at 15:18
Penalties :
Roman Josi (VGK) for Tripping (Minor) at 2:00, Erik Johnson (VGK) for Hooking (Minor) at 5:12, Kaiden Guhle (HFD) for Roughing (Minor) at 6:26
Goalie Stats
Joseph Woll (HFD), 32 saves from 37 shots - (0.865), L, 13-10-2, 58:43 minutes
Philipp Grubauer (VGK), 32 saves from 36 shots - (0.889), W, 6-3-1, 60:00 minutes
Players Stats for Hartford Whalers
Player Name G A P +/- PIM S H SB GA TA FO MP PP MP PK MP
------------------------------------------------------------------------------------
Anthony Cirelli 0 0 0 1 0 3 1 0 0 2 2/2 18:11 0:00 4:11
Braden Schneider 0 0 0 2 0 1 1 2 0 1 0/0 20:39 1:00 4:29
Carter Verhaeghe 1 0 1 1 0 4 2 2 1 0 0/0 14:59 1:14 0:00
Devon Toews 0 0 0 2 0 0 1 0 0 2 0/0 18:07 1:00 0:49
Dylan Guenther 0 0 0 -1 0 5 1 1 0 0 0/0 13:29 0:00 0:28
Jonathan Drouin 0 0 0 0 0 1 0 0 0 0 0/0 8:19 0:00 0:00
Jordan Kyrou 1 1 2 0 0 1 1 0 0 0 0/0 13:06 0:00 0:00
Joshua Norris 0 0 0 1 0 0 1 0 1 0 14/30 18:11 0:00 4:11
Kaiden Guhle 0 1 1 -1 7 0 1 1 0 0 0/0 12:03 0:00 0:14
Matthew Coronato 0 0 0 0 0 2 0 0 0 0 0/0 8:19 0:00 0:00
Nick Suzuki 0 2 2 -1 0 4 2 0 1 0 4/11 18:35 1:14 4:19
Pierre-Luc Dubois 1 0 1 0 4 4 2 1 0 0 0/0 14:26 1:17 0:00
Seth Jones 1 0 1 -1 0 1 2 4 0 1 0/0 26:58 1:31 4:29
Sidney Crosby 0 3 3 0 0 3 2 0 0 1 10/19 19:53 1:14 4:19
Simon Edvinsson 0 0 0 -1 2 2 1 0 0 0 0/0 17:09 0:00 4:15
Tyler Seguin 0 1 1 0 0 1 0 0 0 0 2/6 10:08 1:17 0:28
Tyson Foerster 0 0 0 -1 2 3 1 1 0 0 0/1 13:13 1:17 0:00
Vladislav Gavrikov 0 0 0 -1 2 1 0 0 0 0 0/0 25:11 1:31 3:40
Players Stats for Vegas Golden Knights
Player Name G A P +/- PIM S H SB GA TA FO MP PP MP PK MP
------------------------------------------------------------------------------------
Anthony Mantha 1 0 1 1 0 2 1 2 0 0 0/0 12:26 4:32 0:00
Auston Matthews 1 1 2 0 0 3 2 0 2 1 1/2 19:22 4:22 0:00
Bryan Rust 0 2 2 0 0 6 1 0 0 0 0/2 19:36 4:22 0:00
Cole Smith 0 0 0 0 5 0 1 0 0 0 0/0 13:02 0:18 1:12
Erik Johnson 0 0 0 -1 2 3 0 0 0 1 0/0 15:16 0:00 1:04
Jared McCann 0 0 0 -1 0 2 1 0 0 0 1/1 17:27 4:18 0:00
Jordan Staal 0 2 2 0 0 3 0 0 0 0 10/14 15:33 0:18 1:19
Mathew Barzal 0 1 1 1 0 1 0 0 2 1 2/5 12:40 4:26 0:00
Mathieu Olivier 0 0 0 1 0 0 2 1 0 0 0/0 9:02 0:00 1:12
Mika Zibanejad 1 1 2 0 0 3 1 0 0 0 7/12 18:20 4:22 0:00
Reilly Smith 1 1 2 0 0 3 0 0 0 0 0/0 14:24 0:18 1:19
Roman Josi 0 0 0 0 2 4 1 1 0 0 0/0 16:37 0:00 0:00
Sean Monahan 0 0 0 -1 0 2 3 0 0 0 16/32 17:27 4:18 0:00
Shea Theodore 0 0 0 -1 0 1 0 0 0 0 0/0 14:13 0:00 0:00
Thomas Chabot 1 0 1 1 0 1 1 3 0 0 0/0 23:55 4:32 1:59
Travis Hamonic 0 0 0 1 0 1 1 3 1 0 0/0 15:51 0:00 0:09
Tyler Toffoli 0 0 0 -1 0 2 0 0 1 0 0/1 17:27 4:18 0:00
Zach Bogosian 0 0 0 0 0 0 1 2 1 0 0/0 24:48 4:26 1:50
3 Stars
1 - Auston Matthews (VGK)
2 - Mika Zibanejad (VGK)
3 - Sidney Crosby (HFD)
Power Play
Hartford Whalers - 1 on 2 Attempt(s) - 50.00%
Vegas Golden Knights - 2 on 6 Attempt(s) - 33.33%
Penalty Kill
Hartford Whalers - 4 on 6 Attempt(s) - 66.67%
- Score 0 goal in Penalty Kill
Vegas Golden Knights - 1 on 2 Attempt(s) - 50.00%
- Score 0 goal in Penalty Kill
Team Stat
Hartford Whalers - Hits : 19 - Faceoff Wins : 32 - Blocked Shots : 12 - Penalty Minutes : 17
Vegas Golden Knights - Hits : 16 - Faceoff Wins : 37 - Blocked Shots : 12 - Penalty Minutes : 9
Official
Referees : Francois St Laurent and Trevor Hanson
Linesman : Mitchell Hunt and Travis Toomey
Game Notes
12:46 of 2nd period - Vegas Golden Knights goal is going for a video replay. After video review, Goal.
Kaiden Guhle beats up Cole Smith at 12:47 of 2nd period
Finance
Level 1 -- Attendance: 5780 (96.33%) -- Ticket Income $549,100
Level 2 -- Attendance: 4866 (97.32%) -- Ticket Income $267,630
Level 3 -- Attendance: 2712 (90.40%) -- Ticket Income $81,360
Level 4 -- Attendance: 4538 (90.76%) -- Ticket Income $90,760
Luxury Box -- Attendance: 1000 (100.00%) -- Ticket Income $190,000
Game was played at the T-Mobile Arena.
Total Attendance: 18896 (94.48%)
Total Ticket Income: $1,178,850
Other Income: $412,598
Total Income: $1,591,448
Hartford Whalers
5 vs 5 Forward
Center Left Wing Right Wing Time % Phy DF OF
1 Joshua Norris Carter Verhaeghe Anthony Cirelli 30 1 3 1
2 Sidney Crosby Pierre-Luc Dubois Jordan Kyrou 30 0 2 3
3 Nick Suzuki Dylan Guenther Tyson Foerster 25 0 2 3
4 Tyler Seguin Jonathan Drouin Matthew Coronato 15 1 3 1
5 vs 5 Defense
Defense Defense Time % Phy DF OF
1 Seth Jones Vladislav Gavrikov 30 2 2 1
2 Devon Toews Braden Schneider 30 2 2 1
3 Simon Edvinsson Kaiden Guhle 25 2 2 1
4 Seth Jones Vladislav Gavrikov 15 2 2 1
PowerPlay Forward
Center Left Wing Right Wing Time % Phy DF OF
1 Sidney Crosby Carter Verhaeghe Nick Suzuki 50 1 1 3
2 Tyler Seguin Pierre-Luc Dubois Tyson Foerster 50 2 1 2
PowerPlay Defense
Defense Defense Time % Phy DF OF
1 Seth Jones Vladislav Gavrikov 50 1 2 2
2 Devon Toews Braden Schneider 50 1 2 2
Penalty Kill 4 Players Forward
Center Wing Time % Phy DF OF
1 Nick Suzuki Sidney Crosby 50 1 3 1
2 Joshua Norris Anthony Cirelli 50 2 2 1
Penalty Kill 4 Players Defense
Defense Defense Time % Phy DF OF
1 Seth Jones Vladislav Gavrikov 50 3 2 0
2 Simon Edvinsson Braden Schneider 50 3 2 0
Penalty Kill - 3 Players Forward
Forward Time % Phy DF OF
1 Joshua Norris 50 2 3 0
2 Anthony Cirelli 50 1 4 0
Penalty Kill - 3 Players Defense
Defense Defense Time % Phy DF OF
1 Seth Jones Vladislav Gavrikov 50 3 2 0
2 Devon Toews Braden Schneider 50 3 2 0
4 vs 4 Forward
Center Wing Time % Phy DF OF
1 Sidney Crosby Nick Suzuki 50 1 1 3
2 Joshua Norris Carter Verhaeghe 50 2 2 1
4 vs 4 Defense
Defense Defense Time % Phy DF OF
1 Seth Jones Vladislav Gavrikov 50 2 2 1
2 Devon Toews Braden Schneider 50 2 2 1
Last Minutes Offensive
Center Left Wing Right Wing Defense Defense
Sidney Crosby Dylan Guenther Nick Suzuki Devon Toews Seth Jones
Last Minutes Defensive
Center Left Wing Right Wing Defense Defense
Joshua Norris Carter Verhaeghe Anthony Cirelli Vladislav Gavrikov Braden Schneider
Goaltenders
Starting : Joseph Woll
Backup : Samuel Montembeault
Extra Forwards
Normal : Dylan Guenther, Carter Verhaeghe, Tyler Seguin - PP : Dylan Guenther, Carter Verhaeghe - PK : Tyler Seguin
Extra Defensemen
Normal : Simon Edvinsson, Kaiden Guhle, Devon Toews - PP : Simon Edvinsson - PK : Kaiden Guhle, Devon Toews
Penalty Shots
Tyler Seguin, Pierre-Luc Dubois, Sidney Crosby, Nick Suzuki, Joshua Norris
Scratches
Shakir Mukhamadullin (Healthy), Calle Odelius (Healthy)
Vegas Golden Knights
5 vs 5 Forward
Center Left Wing Right Wing Time % Phy DF OF
1 Mika Zibanejad Auston Matthews Bryan Rust 30 1 2 2
2 Sean Monahan Jared McCann Tyler Toffoli 30 1 2 2
3 Jordan Staal Cole Smith Reilly Smith 25 1 2 2
4 Mathew Barzal Anthony Mantha Mathieu Olivier 15 1 2 2
5 vs 5 Defense
Defense Defense Time % Phy DF OF
1 Roman Josi Zach Bogosian 35 1 2 2
2 Thomas Chabot Travis Hamonic 35 1 2 2
3 Shea Theodore Erik Johnson 30 1 2 2
4 Zach Bogosian Thomas Chabot 0 1 2 2
PowerPlay Forward
Center Left Wing Right Wing Time % Phy DF OF
1 Mika Zibanejad Auston Matthews Bryan Rust 50 1 2 2
2 Sean Monahan Jared McCann Tyler Toffoli 50 1 2 2
PowerPlay Defense
Defense Defense Time % Phy DF OF
1 Mathew Barzal Zach Bogosian 50 1 2 2
2 Anthony Mantha Thomas Chabot 50 1 2 2
Penalty Kill 4 Players Forward
Center Wing Time % Phy DF OF
1 Jordan Staal Reilly Smith 50 1 2 2
2 Cole Smith Mathieu Olivier 50 1 2 2
Penalty Kill 4 Players Defense
Defense Defense Time % Phy DF OF
1 Thomas Chabot Zach Bogosian 50 1 2 2
2 Roman Josi Erik Johnson 50 1 2 2
Penalty Kill - 3 Players Forward
Forward Time % Phy DF OF
1 Jordan Staal 50 1 2 2
2 Cole Smith 50 1 2 2
Penalty Kill - 3 Players Defense
Defense Defense Time % Phy DF OF
1 Thomas Chabot Zach Bogosian 50 1 2 2
2 Travis Hamonic Erik Johnson 50 1 2 2
4 vs 4 Forward
Center Wing Time % Phy DF OF
1 Mika Zibanejad Auston Matthews 50 1 2 2
2 Jordan Staal Bryan Rust 50 1 2 2
4 vs 4 Defense
Defense Defense Time % Phy DF OF
1 Erik Johnson Zach Bogosian 50 1 2 2
2 Thomas Chabot Travis Hamonic 50 1 2 2
Last Minutes Offensive
Center Left Wing Right Wing Defense Defense
Mika Zibanejad Auston Matthews Bryan Rust Roman Josi Thomas Chabot
Last Minutes Defensive
Center Left Wing Right Wing Defense Defense
Jordan Staal Auston Matthews Bryan Rust Thomas Chabot Zach Bogosian
Goaltenders
Starting : Philipp Grubauer
Backup : Mackenzie Blackwood
Extra Forwards
Normal : Bryan Rust, Auston Matthews, Mika Zibanejad - PP : Jordan Staal, Reilly Smith - PK : Auston Matthews
Extra Defensemen
Normal : Thomas Chabot, Erik Johnson, Zach Bogosian - PP : Thomas Chabot - PK : Zach Bogosian, Thomas Chabot
Penalty Shots
Auston Matthews, Mika Zibanejad, Bryan Rust, Jordan Staal, Tyler Toffoli
Scratches
Brendan Smith (Healthy), Jack Johnson (Healthy), Andreas Athanasiou (Healthy)
% Time on Ice - Hartford Whalers
Lines # - Real PCT - Wanted PCT - Time Play
Normal Forward
1 - 29% - 30% - 13:46
2 - 28% - 30% - 13:25
3 - 25% - 25% - 11:48
4 - 18% - 15% - 8:19
Normal Defense
1 - 30% - 30% - 14:21
2 - 32% - 30% - 15:10
3 - 26% - 25% - 12:23
4 - 11% - 15% - 5:24
PP Forward
1 - 49% - 50% - 1:14
2 - 51% - 50% - 1:17
PP Defense
1 - 60% - 50% - 1:31
2 - 40% - 50% - 1:00
PK Forward
1 - 53% - 50% - 4:47
2 - 47% - 50% - 4:11
PK Defense
1 - 50% - 50% - 4:29
2 - 50% - 50% - 4:29
PK3 Forward
1 - 0% - 50%
2 - 0% - 50%
PK3 Defense
1 - 0% - 50%
2 - 0% - 50%
44 Forward
1 - 0% - 50%
2 - 0% - 50%
44 Defense
1 - 0% - 50%
2 - 0% - 50%
Last Minute Offensive - 1:13
Last Minute Defensive - 0:00
Total
Forward - 60:00
Defense - 60:00
|
% Time on Ice - Vegas Golden Knights
Lines # - Real PCT - Wanted PCT - Time Play
Normal Forward
1 - 29% - 30% - 13:53
2 - 28% - 30% - 13:09
3 - 26% - 25% - 12:30
4 - 17% - 15% - 7:50
Normal Defense
1 - 36% - 35% - 16:54
2 - 35% - 35% - 16:24
3 - 30% - 30% - 14:04
4 - 0% - 0% - 0:00
PP Forward
1 - 51% - 50% - 4:33
2 - 49% - 50% - 4:25
PP Defense
1 - 49% - 50% - 4:26
2 - 51% - 50% - 4:32
PK Forward
1 - 52% - 50% - 1:19
2 - 48% - 50% - 1:12
PK Defense
1 - 46% - 50% - 1:09
2 - 54% - 50% - 1:22
PK3 Forward
1 - 0% - 50%
2 - 0% - 50%
PK3 Defense
1 - 0% - 50%
2 - 0% - 50%
44 Forward
1 - 0% - 50%
2 - 0% - 50%
44 Defense
1 - 0% - 50%
2 - 0% - 50%
Last Minute Offensive - 0:00
Last Minute Defensive - 1:09
Total
Forward - 60:00
Defense - 60:00
|
Play-by-Play
1st period
0:01 of 1st period - Joshua Norris wins face-off versus Auston Matthews in neutral zone.
1:32 of 1st period - Anthony Cirelli is hit by Bryan Rust and loses puck.
2:01 of 1st period - Minor Penalty to Simon Edvinsson for Tripping.
2:02 of 1st period - Auston Matthews wins face-off versus Nick Suzuki in Hartford Whalers zone.
2:11 of 1st period - Slapshot by Bryan Rust.
2:11 of 1st period - Shot Misses the Net.
2:13 of 1st period - Snap shot by Mika Zibanejad.
2:13 of 1st period - Shot Blocked by Kaiden Guhle.
2:15 of 1st period - Wrist shot by Auston Matthews.
2:15 of 1st period - Goal by Auston Matthews - Hartford Whalers : 0 - Vegas Golden Knights : 1.
2:16 of 1st period - Jordan Staal wins face-off versus Nick Suzuki in neutral zone.
3:57 of 1st period - Snap shot by Jordan Staal.
3:57 of 1st period - Shot Blocked by Tyson Foerster.
3:59 of 1st period - Wrist shot by Jordan Staal.
3:59 of 1st period - Shot Misses the Net.
4:01 of 1st period - Snap shot by Reilly Smith.
4:01 of 1st period - Shot Blocked by Seth Jones.
4:03 of 1st period - Slapshot by Jordan Staal.
4:03 of 1st period - Stopped by Joseph Woll with a rebound.
4:11 of 1st period - Snap shot by Reilly Smith.
4:11 of 1st period - Shot Blocked by Dylan Guenther.
5:17 of 1st period - Wrist shot by Reilly Smith.
5:17 of 1st period - Stopped by Joseph Woll with a rebound.
5:22 of 1st period - Icing by Tyson Foerster.
5:23 of 1st period - Nick Suzuki wins face-off versus Sean Monahan in Hartford Whalers zone.
5:50 of 1st period - Vladislav Gavrikov is hit by Roman Josi and loses puck.
5:55 of 1st period - Wrist shot by Bryan Rust.
5:55 of 1st period - Stopped by Joseph Woll with a rebound.
5:57 of 1st period - Slapshot by Travis Hamonic.
5:57 of 1st period - Deflect By Pierre-Luc Dubois.
5:57 of 1st period - Stopped by Joseph Woll without a rebound.
5:58 of 1st period - Mika Zibanejad wins face-off versus Joshua Norris in Hartford Whalers zone.
5:59 of 1st period - Wrist shot by Bryan Rust.
5:59 of 1st period - Shot Blocked by Carter Verhaeghe.
6:01 of 1st period - Slapshot by Auston Matthews.
6:01 of 1st period - Stopped by Joseph Woll with a rebound.
6:09 of 1st period - Snap shot by Bryan Rust.
6:09 of 1st period - Stopped by Joseph Woll without a rebound.
6:10 of 1st period - Sean Monahan wins face-off versus Joshua Norris in Hartford Whalers zone.
6:23 of 1st period - Wrist shot by Sean Monahan.
6:23 of 1st period - Shot Misses the Net.
6:25 of 1st period - Slapshot by Roman Josi.
6:25 of 1st period - Shot Blocked by Carter Verhaeghe.
6:27 of 1st period - Slapshot by Roman Josi.
6:27 of 1st period - Stopped by Joseph Woll with a rebound.
7:00 of 1st period - Snap shot by Bryan Rust.
7:00 of 1st period - Stopped by Joseph Woll without a rebound.
7:01 of 1st period - Mika Zibanejad wins face-off versus Sidney Crosby in Hartford Whalers zone.
7:05 of 1st period - Icing by Sidney Crosby.
7:06 of 1st period - Mika Zibanejad wins face-off versus Sidney Crosby in Hartford Whalers zone.
7:29 of 1st period - Wrist shot by Bryan Rust.
7:29 of 1st period - Stopped by Joseph Woll without a rebound.
7:30 of 1st period - Sean Monahan wins face-off versus Tyler Seguin in Hartford Whalers zone.
7:46 of 1st period - Off-side.
7:47 of 1st period - Sidney Crosby wins face-off versus Mika Zibanejad in neutral zone.
7:52 of 1st period - Slapshot by Jordan Kyrou.
7:52 of 1st period - Shot Misses the Net.
8:23 of 1st period - Snap shot by Matthew Coronato.
8:23 of 1st period - Shot Misses the Net.
8:41 of 1st period - Kaiden Guhle is hit by Travis Hamonic and loses puck.
9:10 of 1st period - Snap shot by Mika Zibanejad.
9:10 of 1st period - Shot Misses the Net.
9:50 of 1st period - Wrist shot by Carter Verhaeghe.
9:50 of 1st period - Shot Misses the Net.
9:56 of 1st period - Wrist shot by Bryan Rust.
9:56 of 1st period - Stopped by Joseph Woll with a rebound.
10:04 of 1st period - Slapshot by Bryan Rust.
10:04 of 1st period - Shot Hit the Post.
10:06 of 1st period - Slapshot by Travis Hamonic.
10:06 of 1st period - Deflect By Auston Matthews.
10:06 of 1st period - Shot Blocked by Seth Jones.
10:06 of 1st period - Puck is out of play.
10:07 of 1st period - Sidney Crosby wins face-off versus Sean Monahan in Hartford Whalers zone.
10:23 of 1st period - Devon Toews is hit by Zach Bogosian and loses puck.
10:42 of 1st period - Slapshot by Mathew Barzal.
10:42 of 1st period - Shot Blocked by Braden Schneider.
10:44 of 1st period - Slapshot by Erik Johnson.
10:44 of 1st period - Deflect By Anthony Mantha.
10:44 of 1st period - Shot Blocked by Braden Schneider.
10:44 of 1st period - Puck is out of play.
10:45 of 1st period - Joshua Norris wins face-off versus Mathew Barzal in Hartford Whalers zone.
11:34 of 1st period - Slapshot by Anthony Mantha.
11:34 of 1st period - Goal by Anthony Mantha - Hartford Whalers : 0 - Vegas Golden Knights : 2.
11:35 of 1st period - Sean Monahan wins face-off versus Joshua Norris in neutral zone.
11:48 of 1st period - Wrist shot by Jared McCann.
11:48 of 1st period - Stopped by Joseph Woll without a rebound.
11:49 of 1st period - Sean Monahan wins face-off versus Sidney Crosby in Hartford Whalers zone.
12:13 of 1st period - Icing by Vladislav Gavrikov.
12:14 of 1st period - Joshua Norris wins face-off versus Mathew Barzal in Hartford Whalers zone.
12:25 of 1st period - Wrist shot by Joshua Norris.
12:25 of 1st period - Shot Misses the Net.
12:27 of 1st period - Slapshot by Vladislav Gavrikov.
12:27 of 1st period - Shot Misses the Net.
12:29 of 1st period - Slapshot by Vladislav Gavrikov.
12:29 of 1st period - Stopped by Philipp Grubauer without a rebound.
12:30 of 1st period - Sidney Crosby wins face-off versus Sean Monahan in Vegas Golden Knights zone.
12:57 of 1st period - Braden Schneider is hit by Mathieu Olivier and loses puck.
13:38 of 1st period - Bryan Rust is hit by Seth Jones and loses puck.
14:01 of 1st period - Snap shot by Matthew Coronato.
14:01 of 1st period - Stopped by Philipp Grubauer without a rebound.
14:02 of 1st period - Sidney Crosby wins face-off versus Sean Monahan in Vegas Golden Knights zone.
14:29 of 1st period - Thomas Chabot is hit by Braden Schneider and loses puck.
14:50 of 1st period - Snap shot by Dylan Guenther.
14:50 of 1st period - Stopped by Philipp Grubauer without a rebound.
14:51 of 1st period - Nick Suzuki wins face-off versus Sean Monahan in Vegas Golden Knights zone.
15:04 of 1st period - Snap shot by Dylan Guenther.
15:04 of 1st period - Stopped by Philipp Grubauer with a rebound.
15:06 of 1st period - Snap shot by Simon Edvinsson.
15:06 of 1st period - Stopped by Philipp Grubauer with a rebound.
15:08 of 1st period - Slapshot by Simon Edvinsson.
15:08 of 1st period - Stopped by Philipp Grubauer with a rebound.
15:46 of 1st period - Wrist shot by Auston Matthews.
15:46 of 1st period - Shot Misses the Net.
15:48 of 1st period - Wrist shot by Auston Matthews.
15:48 of 1st period - Shot Blocked by Pierre-Luc Dubois.
15:50 of 1st period - Slapshot by Mika Zibanejad.
15:50 of 1st period - Stopped by Joseph Woll with a rebound.
15:52 of 1st period - Slapshot by Mika Zibanejad.
15:52 of 1st period - Shot Misses the Net.
15:54 of 1st period - Snap shot by Mika Zibanejad.
15:54 of 1st period - Goal by Mika Zibanejad - Hartford Whalers : 0 - Vegas Golden Knights : 3.
15:55 of 1st period - Sean Monahan wins face-off versus Joshua Norris in neutral zone.
16:00 of 1st period - Joshua Norris is hit by Sean Monahan and loses puck.
16:44 of 1st period - Wrist shot by Pierre-Luc Dubois.
16:44 of 1st period - Stopped by Philipp Grubauer without a rebound.
16:45 of 1st period - Mika Zibanejad wins face-off versus Sidney Crosby in Vegas Golden Knights zone.
16:45 of 1st period - Mika Zibanejad is hit by Sidney Crosby.
17:03 of 1st period - Snap shot by Jordan Kyrou.
17:03 of 1st period - Shot Misses the Net.
17:05 of 1st period - Slapshot by Simon Edvinsson.
17:05 of 1st period - Shot Blocked by Travis Hamonic.
17:07 of 1st period - Slapshot by Simon Edvinsson.
17:07 of 1st period - Deflect By Sidney Crosby.
17:07 of 1st period - Stopped by Philipp Grubauer with a rebound.
17:30 of 1st period - Wrist shot by Sidney Crosby.
17:30 of 1st period - Shot Misses the Net.
18:38 of 1st period - Slapshot by Pierre-Luc Dubois.
18:38 of 1st period - Shot Misses the Net.
18:52 of 1st period - Jordan Kyrou is hit by Mika Zibanejad and loses puck.
19:01 of 1st period - Wrist shot by Mika Zibanejad.
19:01 of 1st period - Stopped by Joseph Woll without a rebound.
19:02 of 1st period - Sean Monahan wins face-off versus Joshua Norris in Hartford Whalers zone.
19:03 of 1st period - Wrist shot by Jared McCann.
19:03 of 1st period - Shot Misses the Net.
19:05 of 1st period - Slapshot by Roman Josi.
19:05 of 1st period - Stopped by Joseph Woll without a rebound.
19:06 of 1st period - Sean Monahan wins face-off versus Joshua Norris in Hartford Whalers zone.
19:20 of 1st period - Slapshot by Sean Monahan.
19:20 of 1st period - Shot Misses the Net.
19:33 of 1st period - Off-side.
19:34 of 1st period - Nick Suzuki wins face-off versus Jordan Staal in neutral zone.
19:45 of 1st period - Wrist shot by Reilly Smith.
19:45 of 1st period - Goal by Reilly Smith - Hartford Whalers : 0 - Vegas Golden Knights : 4.
19:46 of 1st period - Sean Monahan wins face-off versus Joshua Norris in neutral zone.
19:49 of 1st period - Wrist shot by Tyler Toffoli.
19:49 of 1st period - Shot Misses the Net.
19:51 of 1st period - Backhand shot by Roman Josi.
19:51 of 1st period - Stopped by Joseph Woll without a rebound.
19:52 of 1st period - Anthony Cirelli wins face-off versus Tyler Toffoli in Hartford Whalers zone.
19:52 of 1st period - Anthony Cirelli is hit by Sean Monahan.
19:58 of 1st period - Sean Monahan is hit by Carter Verhaeghe and loses puck.
Goals for this period are 0 for Hartford Whalers vs 4 for Vegas Golden Knights.
Shots for this period are 8 for Hartford Whalers vs 19 for Vegas Golden Knights.
2nd period
0:01 of 2nd period - Sean Monahan wins face-off versus Joshua Norris in neutral zone.
0:30 of 2nd period - Snap shot by Jordan Staal.
0:30 of 2nd period - Stopped by Joseph Woll without a rebound.
0:31 of 2nd period - Mathew Barzal wins face-off versus Nick Suzuki in Hartford Whalers zone.
0:57 of 2nd period - Snap shot by Nick Suzuki.
0:57 of 2nd period - Shot Misses the Net.
1:01 of 2nd period - Snap shot by Nick Suzuki.
1:01 of 2nd period - Stopped by Philipp Grubauer without a rebound.
1:02 of 2nd period - Joshua Norris wins face-off versus Sean Monahan in Vegas Golden Knights zone.
1:48 of 2nd period - Off-side.
1:49 of 2nd period - Sidney Crosby wins face-off versus Mika Zibanejad in neutral zone.
2:16 of 2nd period - Wrist shot by Sidney Crosby.
2:16 of 2nd period - Shot Misses the Net.
2:21 of 2nd period - Icing by Auston Matthews.
2:22 of 2nd period - Mika Zibanejad wins face-off versus Joshua Norris in Vegas Golden Knights zone.
2:38 of 2nd period - Off-side.
2:39 of 2nd period - Sean Monahan wins face-off versus Nick Suzuki in neutral zone.
2:42 of 2nd period - Snap shot by Tyler Toffoli.
2:42 of 2nd period - Stopped by Joseph Woll with a rebound.
3:14 of 2nd period - Wrist shot by Carter Verhaeghe.
3:14 of 2nd period - Shot Blocked by Travis Hamonic.
3:52 of 2nd period - Wrist shot by Jordan Kyrou.
3:52 of 2nd period - Goal by Jordan Kyrou - Hartford Whalers : 1 - Vegas Golden Knights : 4.
3:53 of 2nd period - Anthony Cirelli wins face-off versus Sean Monahan in neutral zone.
4:02 of 2nd period - Snap shot by Carter Verhaeghe.
4:02 of 2nd period - Stopped by Philipp Grubauer with a rebound.
4:20 of 2nd period - Cole Smith is hit by Tyson Foerster and loses puck.
4:27 of 2nd period - Wrist shot by Nick Suzuki.
4:27 of 2nd period - Stopped by Philipp Grubauer with a rebound.
4:29 of 2nd period - Slapshot by Tyson Foerster.
4:29 of 2nd period - Shot Hit the Post.
4:31 of 2nd period - Slapshot by Kaiden Guhle.
4:31 of 2nd period - Shot Misses the Net.
5:52 of 2nd period - Snap shot by Anthony Cirelli.
5:52 of 2nd period - Stopped by Philipp Grubauer without a rebound.
5:53 of 2nd period - Jordan Staal wins face-off versus Tyson Foerster in Vegas Golden Knights zone.
6:33 of 2nd period - Slapshot by Dylan Guenther.
6:33 of 2nd period - Stopped by Philipp Grubauer without a rebound.
6:34 of 2nd period - Mathew Barzal wins face-off versus Joshua Norris in Vegas Golden Knights zone.
6:45 of 2nd period - Wrist shot by Carter Verhaeghe.
6:45 of 2nd period - Stopped by Philipp Grubauer with a rebound.
6:47 of 2nd period - Slapshot by Vladislav Gavrikov.
6:47 of 2nd period - Shot Blocked by Anthony Mantha.
6:58 of 2nd period - Icing by Shea Theodore.
6:59 of 2nd period - Tyler Seguin wins face-off versus Sean Monahan in Vegas Golden Knights zone.
7:21 of 2nd period - Icing by Shea Theodore.
7:22 of 2nd period - Jordan Staal wins face-off versus Joshua Norris in Vegas Golden Knights zone.
7:54 of 2nd period - Backhand shot by Sean Monahan.
7:54 of 2nd period - Shot Blocked by Seth Jones.
7:56 of 2nd period - Slapshot by Erik Johnson.
7:56 of 2nd period - Stopped by Joseph Woll without a rebound.
7:57 of 2nd period - Sean Monahan wins face-off versus Sidney Crosby in Hartford Whalers zone.
7:58 of 2nd period - Backhand shot by Jared McCann.
7:58 of 2nd period - Shot Misses the Net.
8:00 of 2nd period - Snap shot by Tyler Toffoli.
8:00 of 2nd period - Stopped by Joseph Woll without a rebound.
8:01 of 2nd period - Sidney Crosby wins face-off versus Sean Monahan in Hartford Whalers zone.
8:10 of 2nd period - Wrist shot by Sidney Crosby.
8:10 of 2nd period - Stopped by Philipp Grubauer with a rebound.
8:18 of 2nd period - Backhand shot by Jared McCann.
8:18 of 2nd period - Shot Misses the Net.
8:34 of 2nd period - Snap shot by Joshua Norris.
8:34 of 2nd period - Shot Misses the Net.
8:36 of 2nd period - Slapshot by Braden Schneider.
8:36 of 2nd period - Shot Blocked by Thomas Chabot.
8:54 of 2nd period - Snap shot by Tyler Seguin.
8:54 of 2nd period - Shot Misses the Net.
8:56 of 2nd period - Wrist shot by Tyler Seguin.
8:56 of 2nd period - Shot Blocked by Thomas Chabot.
8:58 of 2nd period - Snap shot by Tyler Seguin.
8:58 of 2nd period - Deflect By Matthew Coronato.
8:58 of 2nd period - Stopped by Philipp Grubauer without a rebound.
8:59 of 2nd period - Sean Monahan wins face-off versus Nick Suzuki in Vegas Golden Knights zone.
9:10 of 2nd period - Wrist shot by Dylan Guenther.
9:10 of 2nd period - Stopped by Philipp Grubauer with a rebound.
9:26 of 2nd period - Vladislav Gavrikov is hit by Mathieu Olivier and loses puck.
9:59 of 2nd period - Double Minor Penalty to Pierre-Luc Dubois for Slashing.
10:00 of 2nd period - Sean Monahan wins face-off versus Joshua Norris in Hartford Whalers zone.
10:01 of 2nd period - Snap shot by Jared McCann.
10:01 of 2nd period - Stopped by Joseph Woll with a rebound.
10:03 of 2nd period - Snap shot by Sean Monahan.
10:03 of 2nd period - Deflect By Seth Jones.
10:03 of 2nd period - Stopped by Joseph Woll without a rebound.
10:04 of 2nd period - Joshua Norris wins face-off versus Sean Monahan in Hartford Whalers zone.
10:41 of 2nd period - Braden Schneider is hit by Auston Matthews and loses puck.
12:44 of 2nd period - Snap shot by Jordan Staal.
12:44 of 2nd period - Shot Misses the Net.
12:46 of 2nd period - Snap shot by Thomas Chabot.
12:46 of 2nd period - Vegas Golden Knights goal is going for a video replay.
12:46 of 2nd period - The goal is good.
12:46 of 2nd period - Goal by Thomas Chabot - Hartford Whalers : 1 - Vegas Golden Knights : 5.
12:47 of 2nd period - Jordan Staal wins face-off versus Sidney Crosby in neutral zone.
12:47 of 2nd period - Kaiden Guhle beats up Cole Smith.
12:47 of 2nd period - Penalty to Cole Smith for Fighting.
12:47 of 2nd period - Penalty to Kaiden Guhle for Fighting.
12:48 of 2nd period - Jared McCann wins face-off versus Joshua Norris in neutral zone.
12:51 of 2nd period - Snap shot by Sean Monahan.
12:51 of 2nd period - Shot Misses the Net.
12:55 of 2nd period - Wrist shot by Tyler Toffoli.
12:55 of 2nd period - Shot Misses the Net.
12:59 of 2nd period - Slapshot by Sean Monahan.
12:59 of 2nd period - Shot Misses the Net.
13:01 of 2nd period - Slapshot by Sean Monahan.
13:01 of 2nd period - Stopped by Joseph Woll without a rebound.
13:02 of 2nd period - Sean Monahan wins face-off versus Sidney Crosby in Hartford Whalers zone.
13:21 of 2nd period - Tyler Toffoli is hit by Pierre-Luc Dubois and loses puck.
13:34 of 2nd period - Sean Monahan is hit by Nick Suzuki and loses puck.
13:41 of 2nd period - Snap shot by Nick Suzuki.
13:41 of 2nd period - Stopped by Philipp Grubauer with a rebound.
13:43 of 2nd period - Slapshot by Tyson Foerster.
13:43 of 2nd period - Stopped by Philipp Grubauer without a rebound.
13:44 of 2nd period - Jordan Staal wins face-off versus Joshua Norris in Vegas Golden Knights zone.
13:58 of 2nd period - Minor Penalty to Vladislav Gavrikov for High sticking.
13:59 of 2nd period - Joshua Norris wins face-off versus Bryan Rust in Hartford Whalers zone.
14:26 of 2nd period - Simon Edvinsson is hit by Anthony Mantha and loses puck.
15:32 of 2nd period - Icing by Jared McCann.
15:33 of 2nd period - Joshua Norris wins face-off versus Sean Monahan in Vegas Golden Knights zone.
15:42 of 2nd period - Simon Edvinsson is hit by Thomas Chabot and loses puck.
15:58 of 2nd period - Penalty to Vladislav Gavrikov is over, Vladislav Gavrikov is back on ice.
16:35 of 2nd period - Mathieu Olivier is hit by Devon Toews and loses puck.
17:02 of 2nd period - Mika Zibanejad is hit by Jordan Kyrou.
17:24 of 2nd period - Mika Zibanejad is hit by Carter Verhaeghe and loses puck.
17:40 of 2nd period - Icing by Devon Toews.
17:41 of 2nd period - Joshua Norris wins face-off versus Sean Monahan in Hartford Whalers zone.
17:41 of 2nd period - Joshua Norris is hit by Sean Monahan.
18:29 of 2nd period - Zach Bogosian is hit by Joshua Norris and loses puck.
18:40 of 2nd period - Zach Bogosian is hit by Anthony Cirelli and loses puck.
19:26 of 2nd period - Minor Penalty to Tyson Foerster for Hooking.
19:27 of 2nd period - Joshua Norris wins face-off versus Sean Monahan in Hartford Whalers zone.
Goals for this period are 1 for Hartford Whalers vs 1 for Vegas Golden Knights.
Shots for this period are 12 for Hartford Whalers vs 8 for Vegas Golden Knights.
3rd period
0:01 of 3rd period - Joshua Norris wins face-off versus Bryan Rust in neutral zone.
0:04 of 3rd period - Snap shot by Braden Schneider.
0:04 of 3rd period - Shot Blocked by Zach Bogosian.
1:02 of 3rd period - Seth Jones is hit by Jared McCann and loses puck.
1:26 of 3rd period - Penalty to Tyson Foerster is over, Tyson Foerster is back on ice.
1:46 of 3rd period - Slapshot by Jonathan Drouin.
1:46 of 3rd period - Stopped by Philipp Grubauer without a rebound.
1:47 of 3rd period - Sean Monahan wins face-off versus Sidney Crosby in Vegas Golden Knights zone.
2:00 of 3rd period - Minor Penalty to Roman Josi for Tripping.
2:01 of 3rd period - Sidney Crosby wins face-off versus Jordan Staal in Vegas Golden Knights zone.
2:58 of 3rd period - Snap shot by Tyler Seguin.
2:58 of 3rd period - Stopped by Philipp Grubauer with a rebound.
3:00 of 3rd period - Slapshot by Braden Schneider.
3:00 of 3rd period - Deflect By Reilly Smith.
3:00 of 3rd period - Stopped by Philipp Grubauer without a rebound.
3:01 of 3rd period - Jordan Staal wins face-off versus Tyler Seguin in Vegas Golden Knights zone.
4:00 of 3rd period - Penalty to Roman Josi is over, Roman Josi is back on ice.
4:46 of 3rd period - Snap shot by Carter Verhaeghe.
4:46 of 3rd period - Goal by Carter Verhaeghe - Hartford Whalers : 2 - Vegas Golden Knights : 5.
4:47 of 3rd period - Joshua Norris wins face-off versus Sean Monahan in neutral zone.
5:12 of 3rd period - Minor Penalty to Erik Johnson for Hooking.
5:13 of 3rd period - Jordan Staal wins face-off versus Tyler Seguin in Vegas Golden Knights zone.
5:28 of 3rd period - Wrist shot by Tyson Foerster.
5:28 of 3rd period - Stopped by Philipp Grubauer with a rebound.
5:42 of 3rd period - Slapshot by Sidney Crosby.
5:42 of 3rd period - Shot Misses the Net.
5:44 of 3rd period - Slapshot by Seth Jones.
5:44 of 3rd period - Goal by Seth Jones - Hartford Whalers : 3 - Vegas Golden Knights : 5.
5:45 of 3rd period - Joshua Norris wins face-off versus Mika Zibanejad in neutral zone.
6:00 of 3rd period - Wrist shot by Anthony Cirelli.
6:00 of 3rd period - Stopped by Philipp Grubauer without a rebound.
6:01 of 3rd period - Sidney Crosby wins face-off versus Sean Monahan in Vegas Golden Knights zone.
6:04 of 3rd period - Slapshot by Pierre-Luc Dubois.
6:04 of 3rd period - Stopped by Philipp Grubauer with a rebound.
6:11 of 3rd period - Off-side.
6:12 of 3rd period - Mika Zibanejad wins face-off versus Joshua Norris in neutral zone.
6:19 of 3rd period - Snap shot by Bryan Rust.
6:19 of 3rd period - Shot Misses the Net.
6:21 of 3rd period - Snap shot by Bryan Rust.
6:21 of 3rd period - Stopped by Joseph Woll with a rebound.
6:23 of 3rd period - Slapshot by Roman Josi.
6:23 of 3rd period - Stopped by Joseph Woll without a rebound.
6:24 of 3rd period - Sidney Crosby wins face-off versus Mika Zibanejad in Hartford Whalers zone.
6:26 of 3rd period - Minor Penalty to Kaiden Guhle for Roughing.
6:27 of 3rd period - Joshua Norris wins face-off versus Sean Monahan in Hartford Whalers zone.
6:39 of 3rd period - Slapshot by Mathew Barzal.
6:39 of 3rd period - Stopped by Joseph Woll without a rebound.
6:40 of 3rd period - Joshua Norris wins face-off versus Mika Zibanejad in Hartford Whalers zone.
7:33 of 3rd period - Thomas Chabot is hit by Nick Suzuki and loses puck.
8:26 of 3rd period - Penalty to Kaiden Guhle is over, Kaiden Guhle is back on ice.
8:35 of 3rd period - Off-side.
8:36 of 3rd period - Jordan Staal wins face-off versus Tyler Seguin in neutral zone.
8:43 of 3rd period - Wrist shot by Reilly Smith.
8:43 of 3rd period - Stopped by Joseph Woll with a rebound.
8:45 of 3rd period - Snap shot by Erik Johnson.
8:45 of 3rd period - Stopped by Joseph Woll with a rebound.
8:47 of 3rd period - Wrist shot by Shea Theodore.
8:47 of 3rd period - Stopped by Joseph Woll with a rebound.
8:49 of 3rd period - Slapshot by Erik Johnson.
8:49 of 3rd period - Shot Blocked by Seth Jones.
8:51 of 3rd period - Slapshot by Erik Johnson.
8:51 of 3rd period - Deflect By Tyler Seguin.
8:51 of 3rd period - Stopped by Joseph Woll without a rebound.
8:52 of 3rd period - Sean Monahan wins face-off versus Sidney Crosby in Hartford Whalers zone.
9:08 of 3rd period - Wrist shot by Pierre-Luc Dubois.
9:08 of 3rd period - Stopped by Philipp Grubauer with a rebound.
9:41 of 3rd period - Slapshot by Roman Josi.
9:41 of 3rd period - Shot Misses the Net.
9:49 of 3rd period - Reilly Smith is hit by Simon Edvinsson and loses puck.
10:12 of 3rd period - Snap shot by Anthony Mantha.
10:12 of 3rd period - Stopped by Joseph Woll with a rebound.
10:56 of 3rd period - Wrist shot by Jordan Kyrou.
10:56 of 3rd period - Shot Misses the Net.
11:08 of 3rd period - Joshua Norris is hit by Cole Smith and loses puck.
11:15 of 3rd period - Slapshot by Jordan Staal.
11:15 of 3rd period - Shot Misses the Net.
12:47 of 3rd period - Snap shot by Jordan Staal.
12:47 of 3rd period - Stopped by Joseph Woll with a rebound.
13:21 of 3rd period - Joshua Norris is hit by Auston Matthews and loses puck.
14:06 of 3rd period - Travis Hamonic is hit by Sidney Crosby and loses puck.
14:25 of 3rd period - Wrist shot by Nick Suzuki.
14:25 of 3rd period - Stopped by Philipp Grubauer with a rebound.
15:18 of 3rd period - Slapshot by Pierre-Luc Dubois.
15:18 of 3rd period - Goal by Pierre-Luc Dubois - Hartford Whalers : 4 - Vegas Golden Knights : 5.
15:19 of 3rd period - Nick Suzuki wins face-off versus Jordan Staal in neutral zone.
16:08 of 3rd period - Off-side.
16:09 of 3rd period - Mika Zibanejad wins face-off versus Joshua Norris in neutral zone.
16:12 of 3rd period - Slapshot by Thomas Chabot.
16:12 of 3rd period - Shot Misses the Net.
16:18 of 3rd period - Wrist shot by Carter Verhaeghe.
16:18 of 3rd period - Stopped by Philipp Grubauer without a rebound.
16:19 of 3rd period - Jordan Staal wins face-off versus Nick Suzuki in Vegas Golden Knights zone.
16:30 of 3rd period - Snap shot by Nick Suzuki.
16:30 of 3rd period - Shot Misses the Net.
16:36 of 3rd period - Snap shot by Dylan Guenther.
16:36 of 3rd period - Deflect By Tyson Foerster.
16:36 of 3rd period - Stopped by Philipp Grubauer with a rebound.
16:48 of 3rd period - Wrist shot by Joshua Norris.
16:48 of 3rd period - Shot Blocked by Travis Hamonic.
16:50 of 3rd period - Snap shot by Carter Verhaeghe.
16:50 of 3rd period - Shot Blocked by Thomas Chabot.
16:52 of 3rd period - Snap shot by Carter Verhaeghe.
16:52 of 3rd period - Shot Misses the Net.
16:54 of 3rd period - Snap shot by Anthony Cirelli.
16:54 of 3rd period - Stopped by Philipp Grubauer without a rebound.
16:55 of 3rd period - Tyler Seguin wins face-off versus Mathew Barzal in Vegas Golden Knights zone.
17:00 of 3rd period - Snap shot by Jonathan Drouin.
17:00 of 3rd period - Shot Blocked by Anthony Mantha.
17:02 of 3rd period - Slapshot by Matthew Coronato.
17:02 of 3rd period - Shot Misses the Net.
17:04 of 3rd period - Wrist shot by Jonathan Drouin.
17:04 of 3rd period - Shot Blocked by Mathieu Olivier.
17:06 of 3rd period - Snap shot by Seth Jones.
17:06 of 3rd period - Shot Blocked by Roman Josi.
17:10 of 3rd period - Snap shot by Tyler Seguin.
17:10 of 3rd period - Shot Misses the Net.
17:20 of 3rd period - Mika Zibanejad is hit by Seth Jones and loses puck.
18:05 of 3rd period - Cole Smith is hit by Pierre-Luc Dubois and loses puck.
18:34 of 3rd period - Snap shot by Auston Matthews.
18:34 of 3rd period - Stopped by Joseph Woll with a rebound.
18:40 of 3rd period - Mika Zibanejad is hit by Kaiden Guhle and loses puck.
18:43 of 3rd period - Hartford Whalers, Joseph Woll is pulled from the net.
18:59 of 3rd period - Wrist shot by Dylan Guenther.
18:59 of 3rd period - Stopped by Philipp Grubauer without a rebound.
19:00 of 3rd period - Paul Maurice call a timeout for Hartford Whalers.
19:00 of 3rd period - Sidney Crosby wins face-off versus Jordan Staal in Vegas Golden Knights zone.
19:13 of 3rd period - Wrist shot by Dylan Guenther.
19:13 of 3rd period - Shot Blocked by Zach Bogosian.
19:15 of 3rd period - Snap shot by Dylan Guenther.
19:15 of 3rd period - Shot Misses the Net.
19:33 of 3rd period - Snap shot by Sidney Crosby.
19:33 of 3rd period - Stopped by Philipp Grubauer without a rebound.
19:34 of 3rd period - Jordan Staal wins face-off versus Nick Suzuki in Vegas Golden Knights zone.
19:47 of 3rd period - Zach Bogosian is hit by Dylan Guenther.
Goals for this period are 3 for Hartford Whalers vs 0 for Vegas Golden Knights.
Shots for this period are 16 for Hartford Whalers vs 10 for Vegas Golden Knights.
Back to the Top